 Dungeon Crawl Stone Soup version 0.30.0-20-g3b4254fcbd (webtiles) character file.

Game seed: 12467244297904787702

2252 Graphine the Conjurer (level 9, 0/50 (55) HPs)
             Began as a Tengu Ice Elementalist on June 2, 2023.
             Was a Follower of Vehumet.
             Slain by a wight
             ... wielding a +3 battleaxe of freezing
              (15 damage)
             ... on level 6 of the Dungeon.
             The game lasted 00:16:27 (5203 turns).

Graphine the Conjurer (Tengu Ice Elementalist)      Turns: 5203, Time: 00:16:28

HP:   0/50 (55)     AC: 11    Str:  8    XL:     9   Next: 37%
MP:   19/19         EV: 14    Int: 21    God:    Vehumet [*.....]
Gold: 415           SH:  0    Dex: 14    Spells: 9/20 levels left

rFire   x . .        p - +7 scythe (venom)
rCold   + . .        (shield currently unavailable)
rNeg    . . .        a - +0 robe
rPois   .            (helmet restricted)
rElec   .            (no cloak)
rCorr   .            o - +0 pair of gloves
SInv    .            (boots unavailable)
Will    .....        (no amulet)
Stlth   +            c - ring of ice
HPRegen 0.28/turn    (no ring)
MPRegen 0.16/turn

%: no passive effects
@: confused, ice-armoured, ambrosia-drunk, freezing walls, flying quickly and
evasively, drained, quick
A: beak, talons 3, nimble flight
a: Renounce Religion


You were on level 6 of the Dungeon.
You worshipped Vehumet.
Vehumet was aware of your devotion.
You visited 1 branch of the dungeon, and saw 6 of its levels.

You collected 415 gold pieces.

Inventory:

Hand Weapons
 e - a +0 dagger
 g - a +3 dire flail
 p - a +7 scythe of venom (weapon)
 r - the +9 whip of the Dark Horse {drain, Will+ Dex+3}
   (You found it on level 4 of the Dungeon)

   Dex:       It affects your dexterity (+3).
   Will:      It increases your willpower.
Missiles
 k - 2 throwing nets
Armour
 a - a +0 robe (worn)
 o - a +0 pair of gloves (worn)
Jewellery
 c - a ring of ice (left hand)
Wands
 b - a wand of polymorph (11)
 i - a wand of flame (2)
 u - a wand of charming (3)
Scrolls
 f - 2 scrolls of teleportation
 h - 2 scrolls of blinking
 n - a scroll of amnesia
 w - a scroll of poison
Potions
 j - a potion of brilliance
 l - a potion of might {unknown}
 t - a potion of flight {unknown}
 x - 2 potions of berserk rage {unknown}


   Skills:
 + Level 5.8 Fighting
 + Level 4.4 Maces & Flails
 - Level 2.0 Polearms
 - Level 2.1 Dodging
 - Level 2.0 Stealth
 + Level 6.1 Spellcasting
 + Level 7.5 Conjurations
 - Level 5.0 Ice Magic


You had 9 spell levels left.
You knew the following spells:

 Your Spells              Type           Power      Damage    Failure   Level
a - Freeze                Ice            100%       1d10      1%          1
b - Frozen Ramparts       Ice            82%        1d13      3%          3
c - Ozocubu's Armour      Ice            41%        N/A       3%          3
d - Magic Dart            Conj           100%       1d8       1%          1
e - Mephitic Cloud        Conj/Pois/Air  16%        N/A       11%         3

Your spell library contained the following spells:

 Spells                   Type           Power      Damage    Failure   Level
 Kiss of Death            Conj/Necr      88%        2d12      1%          1
 Call Imp                 Summ           12%        N/A       14%         2
 Summon Ice Beast         Ice/Summ       25%        N/A       34%         4


Dungeon Overview and Level Annotations

Branches:
Dungeon (6/15)
 Temple: D:4-7

Altars:
Ru
Vehumet


Innate Abilities, Weirdness & Mutations

You have a beak for a mouth.
You have claws for feet.
Your magical nature lets you fly swiftly and evasively.


Message History

There are monsters nearby!
The wight completely resists.
The wall freezes the wight but does no damage.
The wight hits you but does no damage.
The wight resists.
The wall freezes the wight.
The wight barely misses you.
The wall freezes the wight but does no damage.
The wight hits you but does no damage.
The wight resists.
The wall freezes the wight.
The wight barely misses you.
The wight resists.
The wall freezes the wight.
The wight closely misses you.
The wall freezes the wight but does no damage.
The wight hits you with a +3 battleaxe of freezing!
* * * LOW HITPOINT WARNING * * *
The wight freezes you.
* * * LOW HITPOINT WARNING * * *
The wight completely resists.
The wall freezes the wight but does no damage.
The wight misses you.
The wight resists.
The wall freezes the wight.
The wight misses you.
The wight resists.
The wall freezes the wight.
You destroy the wight!
Vehumet accepts your kill.
The wight completely resists.
The wall freezes the wight but does no damage.
The wight hits you from afar with a +1 spear.
* * * LOW HITPOINT WARNING * * *
You feel drained.
* * * LOW HITPOINT WARNING * * *
The wall freezes the wight but does no damage.
The wight misses you.
You're too confused to aim your attacks!
The wight completely resists.
The wall freezes the wight but does no damage.
The wight barely misses you.
The wight resists.
The wall freezes the wight.
The wight misses you.
You're too confused to aim your attacks!
The wight completely resists.
The wall freezes the wight but does no damage.
The wight hits you but does no damage.
The wight completely resists.
The wall freezes the wight but does no damage.
The wight hits you with a +3 battleaxe of freezing!
You die...

#....................#
#....................#
#.........<..........#
#....................#
##########....#####..#
#....#......#########
#....#.....#........#
#....#.....#........#
#....#@z...'........#
#...)#)###.#........#
#####.)z.#†##########
#....#...# #....#...#
#....#...# #....#...#
#....#...#
#####+##....#+###


You could see 2 wights.

Vanquished Creatures
  The ghost of fedoskokos the Trooper, an amateur FoHu (D:5)
  Sigmund (D:4)
  2 black bears (D:6)
  2 phantoms
  2 scorpions
  8 wights (D:6)
  8 killer bees (D:5)
  A howler monkey (D:5)
  2 orc priests (D:5)
  A jelly (D:5)
  2 hounds
  4 iguanas
  5 orc wizards (D:5)
  Terence (D:3)
  9 adders
  A shadow imp (D:4)
  3 white imps
  2 worms
  A dart slug (D:4)
  6 orcs
  7 ball pythons
  6 endoplasms
  4 giant cockroaches
  7 goblins
  8 hobgoblins
  16 jackals
  8 quokkas
  7 bats
  8 frilled lizards
  7 kobolds
  7 rats
147 creatures vanquished.

Notes
Turn   | Place    | Note
-------+----------+-------------------------------------------
     0 | D:1      | Graphine the Tengu Ice Elementalist began the quest for the
                  | Orb.
     0 | D:1      | Reached XP level 1. HP: 10/10 MP: 4/4
   141 | D:1      | Reached XP level 2. HP: 9/15 MP: 1/6
   486 | D:1      | Reached XP level 3. HP: 10/19 MP: 2/7
  1202 | D:2      | Found a faded altar of an unknown god.
  1225 | D:2      | Learned a level 3 spell: Frozen Ramparts
  1229 | D:2      | Learned a level 3 spell: Ozocubu's Armour
  1308 | D:2      | Reached XP level 4. HP: 24/24 MP: 9/9
  1372 | D:2      | Reached skill level 1 in Fighting
  1375 | D:2      | Reached skill level 1 in Conjurations
  1862 | D:2      | Learned a level 1 spell: Magic Dart
  1945 | D:3      | Noticed Terence
  1949 | D:3      | Gained mutation: Your magical nature lets you fly swiftly
                  | and evasively. [Tengu growth]
  1949 | D:3      | Reached XP level 5. HP: 26/29 MP: 6/10
  1959 | D:3      | Killed Terence
  2394 | D:3      | Reached skill level 2 in Conjurations
  2731 | D:4      | Identified the +9 whip of the Dark Horse {drain, Will+
                  | Dex+3}
  2972 | D:4      | Reached skill level 5 in Ice Magic
  2972 | D:4      | Reached XP level 6. HP: 35/35 MP: 4/12
  3235 | D:4      | Noticed Sigmund
  3300 | D:4      | Reached skill level 3 in Conjurations
  3306 | D:4      | Killed Sigmund
  3307 | D:4      | Reached skill level 4 in Conjurations
  3307 | D:4      | Reached XP level 7. HP: 16/41 MP: 5/14
  3790 | D:4      | Found a sacrificial altar of Ru.
  3800 | D:4      | Found a radiant altar of Vehumet.
  3810 | D:4      | Became a worshipper of Vehumet
  3937 | D:5      | Entered Level 5 of the Dungeon
  3947 | D:5      | Reached skill level 1 in Polearms
  4198 | D:5      | Learned a level 3 spell: Mephitic Cloud
  4207 | D:5      | Reached skill level 5 in Conjurations
  4272 | D:5      | Found a transporter.
  4275 | D:5      | Found a transporter.
  4277 | D:5      | Noticed fedoskokos's ghost (amateur FoHu)
  4304 | D:5      | Reached XP level 8. HP: 45/48 MP: 9/16
  4307 | D:5      | Reached skill level 1 in Maces & Flails
  4601 | D:5      | Reached skill level 5 in Spellcasting
  4603 | D:5      | Reached * piety under Vehumet
  4603 | D:5      | Offered knowledge of Kiss of Death by Vehumet.
  4604 | D:5      | Reached skill level 6 in Conjurations
  4612 | D:5      | Killed fedoskokos's ghost
  4613 | D:5      | Reached skill level 5 in Fighting
  4761 | D:6      | Reached XP level 9. HP: 41/54 MP: 13/18
  4781 | D:6      | Reached skill level 7 in Conjurations
  5203 | D:6      | Slain by a wight

Illustrated notes

Levels and vault maps discovered:
D:1:      dpeg_arrival_arbitrary_c, layout_loops_corners
D:2:      layout_rooms, ebering_ecumenical_altar_sacrificial,
          minmay_pentomino_w4
D:3:      layout_basic, uniq_terence
D:4:      layout_loops_corners, mainiacjoe_overflow_large_starburst,
          minivault_14, uniq_sigmund
D:5:      layout_rooms, gammafunk_ghost_hive, hex_intersection
D:6:      layout_gridville, minmay_temple_entry_enclosed_plants

Skill      XL: |  1  2  3  4  5  6  7  8  9 |
---------------+----------------------------+-----
Ice Magic      | 4 5 |  5.0
Fighting       | 1 2 3 5 |  5.8
Conjurations   | 1 2 4 5 6 7 |  7.5
Spellcasting   | 3 4 5 6 |  6.1
Polearms       | 2 |  2.0
Maces & Flails | 3 4 |  4.4
Dodging        | |  2.1
Stealth        | |  2.0

Action                     |  1- 3 |  4- 6 |  7- 9 || total
---------------------------+-------+-------+-------++-------
  Melee: Unarmed           |    10 |       |       ||    10
         Kick              |     6 |    15 |    25 ||    46
         Dagger            |    13 |    46 |       ||    59
         Peck              |     2 |     7 |    18 ||    27
         Whip              |       |       |    84 ||    84
         Halberd           |       |       |    13 ||    13
         Punch             |       |       |     2 ||     2
   Cast: Freeze            |    54 |    17 |     6 ||    77
         Frozen Ramparts   |       |    16 |    15 ||    31
         Magic Dart        |       |    23 |     1 ||    24
         Ozocubu's Armour  |       |     2 |     7 ||     9
  Evoke: Wand              |       |     1 |       ||     1
    Use: Potion            |     1 |     2 |     3 ||     6
         Scroll            |     6 |     2 |     7 ||    15
   Stab: Sleeping          |     3 |       |     1 ||     4
 Armour: Robe              |    18 |     7 |    21 ||    46
         Skin              |       |       |    14 ||    14
  Dodge: Dodged            |    49 |    33 |    95 ||   177
